 Dungeon Crawl Stone Soup version 0.31.0-10-gcf4a605ca0 (webtiles) character file.

Game seed: 10511108894130080410

26 hawla the Firebug (level 2, -1/15 HPs)
             Began as a Deep Elf Fire Elementalist on Jan 25, 2024.
             Slain by an iguana (9 damage)
             ... on level 4 of the Dungeon.
             The game lasted 00:03:03 (1246 turns).

hawla the Firebug (Deep Elf Fire Elementalist)      Turns: 1246, Time: 00:03:04

Health: -1/15      AC:  2    Str:  5    XL:     2   Next: 89%
Magic:  4/7        EV: 12    Int: 19    God:
Gold:   55         SH:  0    Dex: 15    Spells: 5/8 levels left

rFire   + . .        (no weapon)
rCold   + . .        (no shield)
rNeg    . . .        a - +0 robe
rPois   .            (no helmet)
rElec   .            d - scarf {rC+ rF+}
rCorr   .            (no gloves)
SInv    .            (no boots)
Will    .....        (no amulet)
Stlth   ++           (no ring)
HPRegen 0.22/turn    (no ring)
MPRegen 0.10/turn

%: no passive effects
@: no status effects
A: low MP 1
a: no special abilities


You were on level 4 of the Dungeon.
You visited 1 branch of the dungeon, and saw 3 of its levels.

You collected 55 gold pieces.

Inventory:

Armour
 a - a +0 robe (worn)
 d - a scarf of resistance (worn)
Jewellery
 c - a ring of willpower
 k - a ring of willpower
Scrolls
 e - a scroll of noise {unknown}
 i - a scroll of amnesia {unknown}
 j - a scroll of identify
Potions
 f - a potion of degeneration {unknown}
 g - a potion of lignification {unknown}
 h - a potion of invisibility {unknown}


   Skills:
 - Level 2.4 Dodging
 - Level 2.4 Stealth
 + Level 3.5 Spellcasting
 * Level 2.4 Conjurations
 + Level 3.6 Fire Magic


You had 5 spell levels left.
You knew the following spells:

 Your Spells              Type           Power      Damage    Failure   Level
a - Foxfire               Conj/Fire      56%        2x1d6     4%          1
b - Scorch                Fire           34%        2d6       4%          2

Your spell library contained the following spells:

 Spells                   Type           Power      Damage    Failure   Level
 Inner Flame              Hex/Fire       10%        N/A       21%         3
 Volatile Blastmotes      Fire/Tloc      20%        2d11      21%         3
 Flame Wave               Conj/Fire      14%        2d6       38%         4


Dungeon Overview and Level Annotations

Branches:
Dungeon (2/15)

Altars:

Shops:
D:1 =


Innate Abilities, Weirdness & Mutations

Your magical capacity is low. (-10% MP)


Message History

Casting: Foxfire (safe; 4% risk of failure)
Confirm with . or Enter, or press ? or * to list all spells.
You conjure some foxfire!
The foxfire hits the iguana but does no damage.
The iguana is heavily wounded.
The foxfire hits the iguana.
The iguana is burned terribly!
The iguana is severely wounded.
The iguana bites you. Magic courses through your body.
The foxfire hits the iguana but does no damage.
The iguana is severely wounded.
The foxfire hits the iguana but does no damage.
The iguana is severely wounded.
The iguana barely misses you.
Casting: Foxfire (safe; 4% risk of failure)
Confirm with . or Enter, or press ? or * to list all spells.
You conjure some foxfire!
The iguana is no longer more vulnerable to fire.
The jackal bites you.
The iguana bites you but does no damage.
Casting: Foxfire (safe; 4% risk of failure)
Confirm with . or Enter, or press ? or * to list all spells.
Flames lash the jackal.
You kill the jackal!
The foxfire hits the iguana but does no damage.
The iguana is severely wounded.
The foxfire hits the jackal.
You kill the jackal!
The jackal bites you. x2; The iguana closely misses you.
Casting: Scorch (safe; 4% risk of failure)
Confirm with . or Enter, or press ? or * to list all spells.
You conjure some foxfire!
The jackal barely misses you. The jackal bites you.
The iguana closely misses you. The jackal misses you. The jackal bites you.
Unknown command.
Your foxfire dissipates!
The foxfire hits the iguana.
The iguana is almost dead.
The iguana bites you!
Ouch! That really hurt!
You die...

+.#.. .##. #.#...
... #....##..# ...
##.....$..# .....
.........##......
#...$............
##$...............
#...l.............
.....#@h............
#...##.h....(.......
# ..................
...................
..##............#> >
#.####.#.....# #.
###......# ..
#..#...# . #........


You could see an iguana and 2 jackals.

Vanquished Creatures
  2 endoplasms
  2 giant cockroaches
  A goblin (D:1)
  2 hobgoblins
  2 jackals (D:4)
  2 quokkas (D:2)
  2 ball pythons (D:1)
  6 bats
  A frilled lizard (D:1)
  A kobold (D:2)
  2 rats (D:1)
23 creatures vanquished.

Vanquished Creatures (others)
  61 foxfires
61 creatures vanquished.

Grand Total: 84 creatures vanquished

Notes
Turn   | Place    | Note
-------+----------+-------------------------------------------
     0 | D:1      | hawla the Deep Elf Fire Elementalist began the quest for
                  | the Orb.
     0 | D:1      | Reached XP level 1. HP: 10/10 MP: 6/6
   231 | D:1      | Found Typlav's Jewellery Shop.
   314 | D:1      | Reached XP level 2. HP: 15/15 MP: 5/8
   369 | D:1      | Learned a level 2 spell: Scorch
   755 | D:2      | Gained mutation: Your magical capacity is low. (-10% MP)
                  | [potion of mutation]
   888 | D:2      | Found a faded altar of an unknown god.
  1230 | D:2      | You fall into a shaft and drop 2 floors!
  1246 | D:4      | Slain by an iguana

Illustrated notes

Levels and vault maps discovered:
D:1:      heliophobic_arrival_ceremonial_halls, layout_basic, serial_shops,
          nicolae_shop_competitors_out_of_business
D:2:      layout_basic, hellmonk_ecumenical_altar_arch_garden
D:4:      layout_cave_pools, minitemple, lemuel_tele_altar,
          minmay_temple_entry_hall, guppyfry_early_lair_pool

Skill      XL: |  1  2 |
---------------+-------+-----
Conjurations   | 2 |  2.4
Dodging        | |  2.4
Stealth        | |  2.4
Spellcasting   | |  3.5
Fire Magic     | |  3.6

Action                     || total
---------------------------++-------
  Melee: Unarmed           ||    11
   Cast: Foxfire           ||    34
         Scorch            ||     4
    Use: Scroll            ||     2
         Potion            ||     2
 Armour: Robe              ||    24
  Dodge: Dodged            ||    27
